 Dungeon Crawl Stone Soup version 0.30.1-11-g7821555f0a (webtiles) character file.

Game seed: 941718552935010633

15 ChrisAssaf the Vexing (level 2, -3/11 HPs)
             Began as a Felid Enchanter on Nov 9, 2023.
             Slain by Sigmund
             ... wielding a +0 scythe
              (8 damage)
             ... on level 3 of the Dungeon.
             The game lasted 00:02:47 (411 turns).

ChrisAssaf the Vexing (Felid Enchanter)              Turns: 411, Time: 00:02:47

Health: -3/11      AC:  1    Str:  4    XL:     2   Next: 34%
Magic:  6/6        EV: 17    Int: 16    God:
Gold:   0          SH:  5    Dex: 16    Spells: 3/5 levels left
                                        Lives:  0   Deaths: 0

rFire   . .          .
                       - Unarmed
rCold   . . .        (shield unavailable)
rNeg    . . .        (body armour unavailable)
rPois   .            (helmet unavailable)
rElec   .            (cloak unavailable)
rCorr   .            (gloves unavailable)
SInv    +            (boots unavailable)
Will    .....        e - amulet of reflection
Stlth   +++          (no ring)
HPRegen 0.21/turn    (no ring)
MPRegen 0.10/turn

%: reflection
@: invisible, quick
A: very small, claws 1, fangs 3, see invisible, speed 1, shaggy fur 1, stealthy
paws, no weapons or thrown items, no armour, multi-lived
a: no special abilities


You were on level 3 of the Dungeon.
You visited 1 branch of the dungeon, and saw 3 of its levels.

Inventory:

Jewellery
 e - an amulet of reflection (around neck)
Scrolls
 b - a scroll of blinking
 c - a scroll of enchant weapon
 d - a scroll of teleportation {unknown}
 f - a scroll of magic mapping {unknown}


   Skills:
 + Level 2.8 Dodging
 + Level 4.4 Stealth
 + Level 1.0 Unarmed Combat
 * Level 2.1 Spellcasting
 * Level 4.7 Hexes
 * Level 0.2 Ice Magic


You had 3 spell levels left.
You knew the following spells:

 Your Spells              Type           Power      Damage    Failure   Level
a - Ensorcelled Hibernat  Hex/Ice        18%        N/A       11%         2

Your spell library contained the following spells:

 Spells                   Type           Power      Damage    Failure   Level
 Confusing Touch          Hex            16%        N/A       9%          3
 Tukima's Dance           Hex            16%        N/A       9%          3
 Dazzling Flash           Conj/Hex       18%        N/A       24%         3


Dungeon Overview and Level Annotations

Branches:
Dungeon (3/15)

Altars:

Annotations:
D:1 1 transporter
D:3 Sigmund


Innate Abilities, Weirdness & Mutations

You have sharp claws.
You have razor-sharp teeth.
You have supernaturally acute eyesight. (SInv)
You cover ground quickly. (Speed+)
You are covered in fur. (AC +1)
Your paws help you pounce on unaware monsters.
You are incapable of wielding weapons or throwing items.
You cannot wear armour.
You gain extra lives every three experience levels.


Message History

Ouch! That really hurt!
* * * LOW HITPOINT WARNING * * *
Blink to where?
Press: ? - help, Dir - move target
As you read the scroll of blinking, it crumbles to dust.
It was a potion of curing.
You feel better.
Sigmund mumbles some strange words.
Sigmund flickers and vanishes for a moment.
Sigmund barely misses you. Sigmund casts a spell at you.
You resist with some effort. You block Sigmund's attack.
Aiming: Ensorcelled Hibernation (safe; 11% risk of failure)
Press: ? - help, Q - select action Shift-Dir - straight line, f - you
Okay, then.
You fade into invisibility!
You block Sigmund's attack.
You closely miss Sigmund.
Sigmund is heavily wounded.
You barely miss Sigmund.
Sigmund is heavily wounded.
Sigmund misses you.
You barely miss Sigmund.
Sigmund is heavily wounded.
Sigmund gestures at you while chanting. The puff of flame hits you.
You scratch Sigmund. Your bite misses Sigmund.
Sigmund is heavily wounded.
Sigmund closely misses you.
You scratch Sigmund. You bite Sigmund, but do no damage.
Sigmund is heavily wounded.
You scratch Sigmund but do no damage. Your bite misses Sigmund.
Sigmund is heavily wounded.
Sigmund barely misses you.
You pounce on the helpless Sigmund from behind!
You claw Sigmund!
Sigmund is severely wounded.
Sigmund hits you with a +0 scythe!
Ouch! That really hurt!
You die...

###.### #.....#
#.....# #.....#
#.....# #.<...#
##..### #..#
##.@###
#...@.#######
.....###.......#
####. #....#..#
#. #.###.... #.
..# ... ### ..


You could see Sigmund (invisible, unable to see you).

Vanquished Creatures
  2 worms (D:2)
  A ball python (D:2)
  A bat (D:2)
  An endoplasm (D:2)
  A giant cockroach (D:2)
  A hobgoblin (D:2)
  A kobold (D:2)
  A rat (D:2)
9 creatures vanquished.

Notes
Turn   | Place    | Note
-------+----------+-------------------------------------------
     0 | D:1      | ChrisAssaf the Felid Enchanter began the quest for the Orb.
     0 | D:1      | Reached XP level 1. HP: 7/7 MP: 4/4
    27 | D:1      | You fall into a shaft and drop 1 floor!
    49 | D:2      | Identified the +1 leather armour of Absence {rC++ rN+ Will-
                  | Stlth+}
   254 | D:2      | Reached XP level 2. HP: 11/11 MP: 6/6
   257 | D:2      | Learned a level 2 spell: Ensorcelled Hibernation
   306 | D:2      | Identified the +0 chain mail of the Cockatrice {Str+5
                  | Stlth-}
   363 | D:3      | Noticed Sigmund
   411 | D:3      | Slain by Sigmund

Illustrated notes

Levels and vault maps discovered:
D:1:      spicycebolla_arrival_risky_transporter, layout_rooms,
          grunt_decor_arrowhead
D:2:      minmay_door_path, layout_loops_cross
D:3:      layout_loops_ring, shapermc_ecumenical_altar_mp_ritualfount,
          minmay_fountain_box, uniq_sigmund, uniq_grinder

Action                     || total
---------------------------++-------
  Melee: Unarmed           ||    34
         Bite              ||     7
   Cast: Ensorcelled Hiber ||     5
    Use: Scroll            ||     3
         Potion            ||     3
   Stab: Sleeping          ||     7
         Invisible         ||     2
 Armour: Skin              ||     1
  Dodge: Dodged            ||    22
  Block: Other             ||     4
